 Dungeon Crawl Stone Soup version 0.31-a0-833-gc15d34cb79 (webtiles) character file.

Game seed: 2896382150776591748

408 Kurtz the Chopper (level 6, -8/42 HPs)
             Began as an Octopode Fighter on Sept 25, 2023.
             Mangled by a +3 spectral club (11 damage)
             ... created by Ijyb
             ... on level 5 of the Dungeon.
             The game lasted 00:02:32 (3710 turns).

Kurtz the Chopper (Octopode Fighter)                Turns: 3710, Time: 00:02:32

Health: -8/42      AC:  1    Str: 16    XL:     6   Next: 88%
Magic:  6/6        EV: 13    Int: 10    God:
Gold:   256        SH:  4    Dex: 13    Spells: 5/5 levels left

rFire   . . .        a - +0 war axe
rCold   . . .        b - +0 buckler
rNeg    . . .        (helmet restricted)
rPois   .            (no amulet)
rElec   .            (no ring)
rCorr   .            (no ring)
SInv    .            (no ring)
Will    .....        (no ring)
Stlth   ++           (no ring)
HPRegen 0.27/turn    (no ring)
MPRegen 0.10/turn    (no ring)
                     (no ring)

%: no passive effects
@: no status effects
A: almost no armour, amphibious, 8 rings, camouflage 1, gelatinous body 1,
(nimble swimmer 1), tentacles
a: no special abilities


You were on level 5 of the Dungeon.
You visited 1 branch of the dungeon, and saw 5 of its levels.
You also visited: Sewer.

You collected 298 gold pieces.
You spent 42 gold pieces at shops.

Inventory:

Hand Weapons
 a - a +0 war axe (weapon)
Missiles
 o - 5 boomerangs
Armour
 b - a +0 buckler (worn)
Jewellery
 e - a +6 ring of dexterity
 g - an amulet of regeneration
Wands
 k - a wand of flame (15)
Scrolls
 d - a scroll of blinking {unknown}
 f - 3 scrolls of teleportation
 h - 3 scrolls of identify {unknown}
 q - a scroll of vulnerability {unknown}
 r - a scroll of enchant armour {unknown}
 s - a scroll of amnesia {unknown}
Potions
 c - a potion of might
 i - a potion of magic
 j - a potion of curing {unknown}
 l - a potion of berserk rage {unknown}
 m - 2 potions of cancellation {unknown}
 n - a potion of haste
 p - a potion of attraction {unknown}


   Skills:
 - Level 3.0 Fighting
 * Level 7.1 Axes
 - Level 3.0 Dodging
 - Level 3.0 Shields


You had 5 spell levels left.
You didn't know any spells.
Your spell library contained the following spells:

 Spells                   Type           Power      Damage    Failure   Level
 Slow                     Hex            0%         N/A       43%         1
 Lesser Beckoning         Tloc           0%         N/A       58%         2
 Confusing Touch          Hex            0%         N/A       82%         3
 Gell's Gravitas          Tloc           0%         N/A       82%         3
 Sigil of Binding         Hex            0%         N/A       82%         3
 Teleport Other           Tloc           0%         N/A       82%         3
 Vampiric Draining        Necr           0%         2d6       82%         3
 Summon Ice Beast         Ice/Summ       0%         N/A       99%         4
 Summon Mana Viper        Hex/Summ       0%         N/A       100%        5
 Monstrous Menagerie      Summ           0%         N/A       100%        7


Dungeon Overview and Level Annotations

Branches:
Dungeon (5/15)              Sewer (visited)
 Temple: D:4-7

Altars:
Wu Jian

Shops:
D:1 =   D:3 ?

Annotations:
D:4 2 transporters, 2 runed translucent doors, Shayle's ghost, amateur DsHW
D:5 Ijyb


Innate Abilities, Weirdness & Mutations

You cannot wear most types of armour.
You are amphibious.
You can wear up to eight rings at the same time.
Your skin changes colour to match your surroundings (Stealth+).
Your rubbery body absorbs attacks. (AC +1, EV +1)
((You are camouflaged when in or above water. (Stealth+)))
You have tentacles for arms and can constrict up to eight enemies at once.


Message History

You hit the orc wizard.
You kill the orc wizard!
The iguana bites you.
Your Axes skill increases to level 7!
You closely miss the iguana. You grab the iguana. You constrict the iguana.
The iguana barely misses you.
You hit the iguana but do no damage.
The iguana is lightly wounded.
You constrict the iguana. The iguana bites you!
You hit the iguana.
The iguana is almost dead.
You constrict the iguana.
You kill the iguana!
Ijyb the Twisted Goblin comes into view.
She is wielding a +3 spectral club and carrying a wand of iceblast.
Things that are here:
a +0 dagger; a +0 robe; an iguana corpse Ijyb zaps a wand.
The mass of ice explodes!
The iceblast engulfs you.
You are too injured to fight recklessly!
You barely miss Ijyb. You grab Ijyb. You constrict Ijyb, but do no damage.
You block Ijyb's attack.
The +3 spectral club completely misses you.
A +3 spectral club comes into view.
You slash Ijyb!
Ijyb is moderately wounded.
You hit the +3 spectral club.
Ijyb shares her spectral weapon's damage!
You constrict Ijyb, but do no damage. Ijyb hits you with a +3 spectral club!
The +3 spectral club hits you.
* * * LOW HITPOINT WARNING * * *
You hit Ijyb.
Ijyb is heavily wounded.
You hit the +3 spectral club.
Ijyb shares her spectral weapon's damage!
You constrict Ijyb, but do no damage. You block Ijyb's attack.
The +3 spectral club misses you. Ijyb hits you with a +3 spectral club!
* * * LOW HITPOINT WARNING * * *
The +3 spectral club barely misses you.
It was a potion of magic.
Magic courses through your body.
You constrict Ijyb. The +3 spectral club hits you!
You die...

#.# #######.###
..........#
...[......#
..........#
########.### #....#
#.# #...(###)#
#########..g@..).#
#............#####
#............######
#..................
#..................
####..................
.................>....
####..................
#............#.####


You could see a +3 spectral club and Ijyb.

Vanquished Creatures
  A water moccasin (Sewer)
  A scorpion (D:4)
  A hound (D:4)
  2 iguanas
  An orc wizard (D:5)
  3 adders
  A white imp (D:5)
  3 worms
  2 dart slugs
  3 orcs
  7 ball pythons
  5 endoplasms
  4 giant cockroaches
  5 goblins
  9 hobgoblins
  4 jackals (D:2)
  5 kobolds
  5 quokkas
  13 bats
  3 frilled lizards (D:1)
  6 rats
84 creatures vanquished.

Notes
Turn   | Place    | Note
-------+----------+-------------------------------------------
     0 | D:1      | Kurtz the Octopode Fighter began the quest for the Orb.
     0 | D:1      | Reached XP level 1. HP: 16/16 MP: 1/1
   166 | D:1      | Reached XP level 2. HP: 21/21 MP: 2/2
   291 | D:1      | Reached skill level 3 in Axes
   455 | D:1      | Found Qasmov Uvohe's Jewellery Shop.
   529 | D:1      | Reached XP level 3. HP: 26/26 MP: 3/3
  1240 | D:2      | Reached skill level 4 in Axes
  1245 | D:2      | Reached XP level 4. HP: 29/31 MP: 4/4
  1646 | D:3      | Found an ornate altar of the Wu Jian Council.
  1722 | D:3      | Found Rocwoi Ifay's Magic Scroll Shop.
  1730 | D:3      | Bought a scroll of teleportation for 42 gold pieces
  1909 | D:3      | Found a glowing drain.
  1937 | Sewer    | Entered a sewer
  1996 | Sewer    | Noticed a water moccasin
  2007 | Sewer    | Killed a water moccasin
  2008 | Sewer    | Reached skill level 5 in Axes
  2008 | Sewer    | Reached XP level 5. HP: 17/36 MP: 5/5
  2946 | D:4      | Reached skill level 6 in Axes
  2946 | D:4      | Reached XP level 6. HP: 42/42 MP: 6/6
  2959 | D:4      | Found a transporter.
  3161 | D:4      | Noticed Shayle's ghost (amateur DsHW)
  3170 | D:4      | Found a large runed translucent door.
  3171 | D:4      | Found a large runed translucent door.
  3297 | D:4      | Found a transporter.
  3457 | D:5      | Entered Level 5 of the Dungeon
  3700 | D:5      | Reached skill level 7 in Axes
  3703 | D:5      | Noticed Ijyb
  3709 | D:5      | HP: 2/42 [Ijyb/+3 spectral club (7)]
  3710 | D:5      | Mangled by a +3 spectral club

Illustrated notes

Levels and vault maps discovered:
D:1:      psy_arrival_spokes, layout_basic, serial_shops,
          nicolae_shop_pleasant_corner_grove
D:2:      layout_basic, minmay_tripent
D:3:      layout_basic, nicolae_wu_jian_wuxing_cycle, serial_shops, shop,
          cheibrodos_sewer_entry_bend, nicolae_twisty_statue_hallways
D:4:      layout_rooms, jmf_multi_god_temple2, gammafunk_ghost_mausoleum,
          kennysheep_cross_bottleneck
D:5:      layout_basic, serial_bayou_pond_b, minmay_circle_x, uniq_ijyb

Skill      XL: |  1  2  3  4  5  6 |
---------------+-------------------+-----
Axes           | 3 4 5 6 7 |  7.1
Fighting       | |  3.0
Dodging        | |  3.0
Shields        | |  3.0

Action                     |  1- 3 |  4- 6 || total
---------------------------+-------+-------++-------
  Melee: War axe           |    53 |    93 ||   146
         Constrict         |    12 |    20 ||    32
         Tentacles         |    10 |    16 ||    26
         Punch             |       |     1 ||     1
  Evoke: Wand              |       |     1 ||     1
    Use: Potion            |       |     1 ||     1
   Stab: Distracted        |     2 |       ||     2
         Sleeping          |     6 |     4 ||    10
 Armour: Skin              |    22 |    56 ||    78
  Dodge: Dodged            |    24 |    65 ||    89
  Block: Buckler           |    10 |    24 ||    34

Table legend: (Time is in decaauts)
 A = Elapsed time spent in this place.
 B = Non-inter-level travel time spent in this place.
 C = Inter-level travel time spent in this place.
 D = Time resting spent in this place.
 E = Time spent auto-exploring this place.
 F = Levels seen in this place.
 G = Mean time per level.
                   A        B        C        D        E       F      G
               +--------+--------+--------+--------+--------+-----+--------+
         Total |   3752 |   3628 |    124 |    292 |   2759 |   6 |  625.3 |
       Dungeon |   3510 |   3386 |    124 |    179 |   2698 |   5 |  702.0 |
         Sewer |    242 |    242 |      0 |    113 |     61 |   1 |  242.0 |
               +--------+--------+--------+--------+--------+-----+--------+

Top non-repeatable levels by time:
     D:3: 1092 daAuts
     D:2: 812 daAuts
     D:1: 794 daAuts
     D:4: 554 daAuts
     D:5: 256 daAuts
   Sewer: 242 daAuts
